 Dungeon Crawl Stone Soup version 0.30.2 (webtiles) character file.

Game seed: 13410054104067872907

172 Knyalator the Ducker (level 5, -1/53 HPs)
             Began as a Troll Berserker on Mar 7, 2024.
             Was a Believer of Trog.
             Splashed by a jelly's acid (10 damage)
             ... on level 5 of the Dungeon.
             The game lasted 00:30:08 (4017 turns).

Knyalator the Ducker (Troll Berserker)              Turns: 4017, Time: 00:30:09

Health: -1/53      AC: -13   Str: 21 (23) XL:     5   Next: 27%
Magic:  4/4        EV: 10    Int:  5      God:    Trog [**....]
Gold:   160        SH:  0    Dex:  7 (9)  Spells: 4/4 levels left

rFire   . . .        g - +2 dagger (venom)
rCold   . . .        (no shield)
rNeg    . . .        b - +1 animal skin
rPois   .            (helmet restricted)
rElec   .            j - +1 cloak
rCorr   .            (gloves unavailable)
SInv    .            (boots unavailable)
Will    .....        m - amulet of the acrobat
Stlth   +            (no ring)
HPRegen 1.08/turn    (no ring)
MPRegen 0.09/turn

%: acrobat
@: corroded
A: large, unfitting armour, claws 3, regeneration 1, shaggy fur 1, tough skin 1,
talons 1, weak 1
a: Renounce Religion, Berserk, Trog's Hand


You were on level 5 of the Dungeon.
You worshipped Trog.
Trog was pleased with you.
You visited 1 branch of the dungeon, and saw 5 of its levels.

You collected 160 gold pieces.

Inventory:

Hand Weapons
 a - a +0 mace
 d - a +0 club
 f - a +0 short sword
 g - a +2 dagger of venom (weapon)
 q - a +0 spear
 y - a +0 hand axe
Missiles
 k - 15 stones (quivered)
 u - 2 throwing nets
 z - 7 poisoned darts
Armour
 b - a +1 animal skin (worn)
 e - a +0 kite shield
 h - a +0 animal skin
 i - a +0 helmet
 j - a +1 cloak (worn)
 n - the +0 chain mail "Tetruela" {Rampage rN++}
   (You found it on level 2 of the Dungeon)

   rN:        It greatly protects you from negative energy.
   Rampage:   It bestows one free step when moving towards enemies.
 o - a +0 leather armour
 p - a +0 robe
 t - a +0 leather armour
 v - a +0 ring mail
 A - a +0 robe
Jewellery
 c - an amulet of the acrobat
 m - an amulet of the acrobat (around neck)
Wands
 D - a wand of iceblast (10)
Scrolls
 l - a scroll of noise
 x - 2 scrolls of identify
 C - a scroll of enchant weapon


   Skills:
 + Level 3.0 Fighting
 + Level 1.5 Short Blades
 + Level 3.1 Maces & Flails
 + Level 3.6 Dodging
 + Level 0.7 Stealth


You had 4 spell levels left.
You didn't know any spells.
Your spell library contained the following spells:

 Spells                   Type           Power      Damage    Failure   Level
 Freeze                   Ice            0%         1d3       47%         1
 Frozen Ramparts          Ice            0%         1d1       85%         3
 Hailstorm                Conj/Ice       0%         3d3       85%         3
 Cause Fear               Hex            0%         N/A       99%         4
 Dragon Form              Tmut           0%         N/A       100%        7
 Dragon's Call            Summ           0%         N/A       100%        9


Dungeon Overview and Level Annotations

Branches:
Dungeon (5/15)
 Temple: D:4-7

Altars:
Fedhas


Innate Abilities, Weirdness & Mutations

You are too large for most types of armour.
You have claws for hands.
Your natural rate of healing is unusually fast.
You are covered in fur. (AC +1)
You have tough skin. (AC +1)
You have sharp toenails.
You are weak. (Str -2)


Message History

l - a scroll of noise
r - a potion of curing
There are no items here.
You see here an adder corpse.
There is a stone staircase leading up here.
Found a stone staircase leading up.
A jelly comes into view.
The jelly quivers.
The jelly hits you.
You are splashed with acid!
You hit the jelly. The acid corrodes you!
Your claws burn!
You claw the jelly.
The jelly is moderately wounded.
The jelly hits you but does no damage.
You hit the jelly.
The jelly is poisoned.
Your claws burn!
You claw the jelly.
The jelly is heavily wounded.
The jelly barely misses you.
You hit the jelly but do no damage.
Your claws burn!
The jelly is heavily wounded.
The jelly barely misses you.
You hit the jelly.
Your claws burn!
You claw the jelly.
The jelly is severely wounded.
The jelly hits you. The acid corrodes you!
You are splashed with acid!
You hit the jelly but do no damage. The acid corrodes you!
Your claws burn!
You claw the jelly, but do no damage.
The jelly is almost dead.
The jelly hits you. The acid corrodes you!
You are splashed with acid!
* * * LOW HITPOINT WARNING * * *
You barely miss the jelly. Your kick misses the jelly.
The jelly is almost dead.
The jelly barely misses you.
You barely miss the jelly. You claw the jelly, but do no damage.
The jelly is almost dead.
The jelly hits you.
* * * LOW HITPOINT WARNING * * *
The acid corrodes you!
You are splashed with acid!
* * * LOW HITPOINT WARNING * * *
You feel better. The jelly closely misses you.
The jelly attacks as you move away! The jelly hits you.
* * * LOW HITPOINT WARNING * * *
The acid corrodes you!
You are splashed with acid!
You die...

#.##.# #....
#.##.###..##
##.........##
#####............
##.........###.###
........#..# #.# #
##.###..#.)###.#
########..........#..#
......J@..###.#...#.##
########..#
#.#...#.####
#..###.#.#......#
#..........#†##..
######.###.###.#<####
#..........# #.#.#
...####.###.###...#
#..........##
#####.####.#


You could see a jelly (very poisoned).

Vanquished Creatures
  A hound (D:5)
  A jelly (D:5)
  Robin (D:2)
  4 adders
  A worm (D:3)
  4 dart slugs
  2 orcs (D:3)
  5 ball pythons
  7 bats
  2 endoplasms
  A giant cockroach (D:2)
  11 goblins
  A hobgoblin (D:2)
  3 jackals (D:1)
  2 quokkas
  5 frilled lizards
  2 kobolds (D:3)
  3 rats (D:3)
56 creatures vanquished.

Notes
Turn   | Place    | Note
-------+----------+-------------------------------------------
     0 | D:1      | Knyalator the Troll Berserker began the quest for the Orb.
     0 | D:1      | Reached XP level 1. HP: 22/22 MP: 0/0
   254 | D:2      | Noticed Robin
   261 | D:2      | Killed Robin
   262 | D:2      | Reached XP level 2. HP: 29/29 MP: 1/1
   393 | D:2      | Reached XP level 3. HP: 36/36 MP: 2/2
   575 | D:2      | Identified the +0 chain mail "Tetruela" {Rampage rN++}
  1167 | D:2      | Found a faded altar of an unknown god.
  2354 | D:3      | Found a blossoming altar of Fedhas.
  2440 | D:3      | Reached XP level 4. HP: 41/44 MP: 3/3
  2844 | D:3      | Gained mutation: You are weak. (Str -2) [potion of
                  | mutation]
  2844 | D:3      | Gained mutation: You have sharp toenails. [potion of
                  | mutation]
  3258 | D:3      | Reached skill level 1 in Short Blades
  3441 | D:3      | Reached ** piety under Trog
  3600 | D:5      | Entered Level 5 of the Dungeon
  3804 | D:5      | Reached XP level 5. HP: 41/53 MP: 4/4
  3819 | D:5      | Noticed a water moccasin
  4017 | D:5      | Splashed by a jelly's acid

Illustrated notes

Levels and vault maps discovered:
D:1:      nicolae_arrival_somewhat_less_tricky_arrival, layout_loops_ring
D:2:      layout_basic, basic_ecumenical_altar, uniq_robin
D:3:      layout_rooms, fedhas_altar_2, minmay_misc_feat_nine_boxes,
          minivault_25, grunt_ministairs_14
D:4:      layout_gridville, cheibrodos_sewer_entry_sluice,
          hangedman_feature_mirror, minmay_strange_pillars,
          corexii_hall_statues_u
D:5:      layout_loops_ring, gammafunk_ghost_smash

Skill      XL: |  1  2  3  4 |
---------------+-------------+-----
Maces & Flails | 3 |  3.1
Dodging        | 3 |  3.6
Short Blades   | 1 |  1.5
Fighting       | 3 |  3.0
Stealth        | |  0.7

Action                     |  1- 3 |  4- 6 || total
---------------------------+-------+-------++-------
  Melee: Short sword       |    36 |       ||    36
         Mace              |    10 |       ||    10
         Punch             |     1 |       ||     1
         Dagger            |    73 |    87 ||   160
         Kick              |       |    15 ||    15
 Invoke: Berserk           |     2 |       ||     2
  Evoke: Wand              |       |     1 ||     1
    Use: Scroll            |    10 |     5 ||    15
         Potion            |     2 |    12 ||    14
 Armour: Animal skin       |    63 |    24 ||    87
  Dodge: Dodged            |   116 |    50 ||   166
